 Dungeon Crawl Stone Soup version 0.24-a0-201-gf205589 (console) character file.

Game seed: 179973373570921236

280 Voker57 the Slasher (level 6, -7/47 HPs)
             Began as a Demonspawn Gladiator on Mar 22, 2019.
             Killed from afar by an orc wizard (9 damage)
             ... with a magic dart
             ... on level 4 of the Dungeon.
             The game lasted 00:03:38 (3447 turns).

Voker57 the Slasher (Demonspawn Gladiator)          Turns: 3447, Time: 00:03:39

Health: -7/47      AC:  5    Str: 14    XL:     6   Next: 5%
Magic:  6/6        EV: 12    Int:  9    God:
Gold:   211        SH:  0    Dex: 17    Spells: 5/5 levels left

rFire    . . .     SeeInvis .   a - +0 long sword
rCold    . . .     Gourm    .   (no shield)
rNeg     . . .     Faith    .   l - +0 ring mail (curse)
rPois    .         Spirit   .   (helmet restricted)
rElec    .         Reflect  .   (no cloak)
rCorr    .         Harm     .   (no gloves)
MR       .....                  (no boots)
Stlth    +.........             (no amulet)
HPRegen  0.15/turn              (no ring)
MPRegen  0.10/turn              (no ring)

@: no status effects
A: antennae 1, claws 1, rot immunity
a: no special abilities


You were on level 4 of the Dungeon.
You were hungry.

You visited 1 branch of the dungeon, and saw 4 of its levels.

You collected 211 gold pieces.

Inventory:

Hand Weapons
 a - a +0 long sword (weapon)
Armour
 b - a +0 leather armour
 c - a +0 helmet
 l - a cursed +0 ring mail (worn)
Wands
 i - a wand of iceblast (10)
Scrolls
 e - 2 scrolls of teleportation
 g - 6 scrolls of identify
 h - 2 scrolls of remove curse {unknown}
 j - a scroll of amnesia {unknown}
 k - a scroll of noise {unknown}
 m - 2 scrolls of enchant weapon {unknown}
 n - a scroll of random uselessness {unknown}
Comestibles
 f - 3 rations


   Skills:
 + Level 3.5 Fighting
 * Level 4.7 Long Blades
 - Level 1.7 Throwing
 + Level 3.8 Dodging


You had 5 spell levels left.
You didn't know any spells.
Your spell library was empty.

Dungeon Overview and Level Annotations

Branches:
Dungeon (4/15)
 Temple: D:4-7

Altars:
Trog


Innate Abilities, Weirdness & Mutations

You have a pair of small antennae on your head.
You have sharp fingernails.
You are immune to rotting.


Message History

The orc priest is severely wounded.
The orc wizard hits you with a +0 dagger.
* * * LOW HITPOINT WARNING * * *
The orc priest calls upon Beogh to heal the orc.
The orc is healed somewhat.
The orc priest struggles against the net.
The net rips apart, and the orc priest comes free!
You hit the orc priest.
The orc priest is severely wounded.
The orc hits you with a +0 falchion!
* * * LOW HITPOINT WARNING * * *
The orc wizard barely misses you.
The orc priest hits you but does no damage.
You aren't carrying any potions.
As you read the scroll labeled NAMUSCHOXYM, it crumbles to dust.
It is a scroll of identify.
e - 2 scrolls of teleportation The orc wizard casts a spell at you.
The magic dart hits you!
You die...

##...†...############♣♣
#.........#
#.........##
####.......# ####....#
#....# ##(..# #...##
#.../# ##@o.# #oo.#
#o..# #...# #...# #...#
#...# #...#


You could see an orc priest, an orc wizard and 2 orcs.

Vanquished Creatures
  A scorpion (D:4)
  A hound (D:4)
  Jessica (D:3)
  Ijyb (D:4)
  6 adders
  2 oozes (D:2)
  5 worms
  A dart slug (D:1)
  A leopard gecko (D:2)
  3 orcs
  2 ball pythons
  6 bats
  A giant cockroach (D:3)
  8 hobgoblins
  5 jackals
  2 quokkas
  4 frilled lizards
  8 goblins
  8 kobolds
  9 rats
75 creatures vanquished.

Notes
Turn   | Place    | Note
-------+----------+-------------------------------------------
     0 | D:1      | Voker57 the Demonspawn Gladiator began the quest for the
                  | Orb.
     0 | D:1      | Reached XP level 1. HP: 16/16 MP: 1/1
   148 | D:1      | Reached skill level 3 in Long Blades
   156 | D:1      | Gained mutation: You are immune to rotting. [demonic
                  | ancestry]
   156 | D:1      | Reached XP level 2. HP: 16/22 MP: 2/2
   530 | D:1      | You fall through a shaft!
   557 | D:2      | Gained mutation: You have a pair of small antennae on your
                  | head. [demonic ancestry]
   557 | D:2      | Reached XP level 3. HP: 8/28 MP: 3/3
   989 | D:2      | HP: 1/28 [poisoned by an adder]
  1627 | D:2      | Reached XP level 4. HP: 28/34 MP: 4/4
  2442 | D:3      | Noticed Jessica
  2446 | D:3      | Killed Jessica
  2446 | D:3      | Reached skill level 4 in Long Blades
  2459 | D:3      | Gained mutation: You have sharp fingernails. [demonic
                  | ancestry]
  2459 | D:3      | Reached XP level 5. HP: 27/41 MP: 5/5
  3104 | D:3      | Found a bloodstained altar of Trog.
  3155 | D:4      | Noticed Ijyb
  3175 | D:4      | Killed Ijyb
  3222 | D:4      | Reached XP level 6. HP: 21/47 MP: 6/6
  3446 | D:4      | HP: 2/47 [orc/+0 falchion (7)]
  3447 | D:4      | Killed from afar by an orc wizard

Levels and vault maps discovered:
D:1:      minmay_arrival_cross, layout_basic
D:2:      layout_basic
D:3:      layout_loops_ring, nicolae_overflow_hidden_temple, uniq_jessica
D:4:      kennysheep_spiral_hall, layout_gridville,
          nicolae_overflow_crystal_walls, serial_shops, shop, elyvilon_altar_3,
          uniq_ijyb

Skill      XL: |  1  2  3  4 |
---------------+-------------+-----
Long Blades    | 3 4 |  4.7
Dodging        | 3 |  3.8
Fighting       | 3 |  3.5
Throwing       | |  1.7

Action                   |  1- 3 |  4- 6 || total
-------------------------+-------+-------++-------
Melee: Long sword        |   107 |   145 ||   252
Throw: Throwing net      |     3 |     1 ||     4
  Use: Potion            |     2 |       ||     2
       Scroll            |       |     1 ||     1
 Stab: Sleeping          |     1 |       ||     1
  Eat: Chunk             |     2 |     6 ||     8
Armor: Leather armour    |    36 |     9 ||    45
       Ring mail         |       |    36 ||    36
Dodge: Dodged            |    92 |    86 ||   178
       Rpst.: Long sword |    29 |    28 ||    57

Table legend:
 A = Non-vault XP
 B = Vault XP
 C = Vault XP percentage of total XP
 D = Non-vault monster count
 E = Vault monster count
 F = Vault count percentage of total count
                 A         B        C        D         E       F
            +---------+---------+-------+---------+---------+-------
      Total |     327 |      73 |  18.2 |      73 |       2 |   2.7
            +---------+---------+-------+---------+---------+-------
        D:1 |      36 |       0 |   0.0 |      21 |       0 |   0.0
        D:2 |      98 |       0 |   0.0 |      29 |       0 |   0.0
        D:3 |      69 |      37 |  34.9 |      15 |       1 |   6.2
        D:4 |     124 |      36 |  22.5 |       8 |       1 |  11.1
            +---------+---------+-------+---------+---------+-------
